 Dungeon Crawl Stone Soup version 0.18.1-6-gd335043 (webtiles) character file.

1019 Moloch the Grappler (level 8, 54/59 HPs)
             Began as a Demonspawn Fighter on May 18, 2016.
             Was a Believer of Okawaru.
             Quit the game on level 5 of the Dungeon.
             The game lasted 00:08:31 (5133 turns).

Moloch the Grappler (Demonspawn Fighter)            Turns: 5133, Time: 00:08:32

Health: 54/59      AC: 11    Str: 16    XL:     8   Next: 2%
Magic:  8/8        EV:  4    Int: 11    God:    Okawaru [**....]
Gold:   210        SH:  8    Dex: 14    Spells: 0 memorised, 7 levels left

rFire  . . .     SeeInvis .       - Unarmed
rCold  + . .     Gourm    .     A - +0 chain mail
rNeg   . . .     Faith    .     b - +0 shield
rPois  .         Spirit   .     (no helmet)
rElec  .         Dismiss  .     o - +0 cloak
rCorr  .         Reflect  .     (no gloves)
SustAt .         Harm     .     (no boots)
MR     .....                    (no amulet)
Stlth  ..........               (no ring)
                                (no ring)

@: not resistant to hostile enchantments, extremely unstealthy
A: hooves 1, rugged brown scales 1, cold resistance 1, spiny 1
a: Heroism, Renounce Religion


You were on level 5 of the Dungeon.
You worshipped Okawaru.
Okawaru was pleased with you.
You were very hungry.

You visited 1 branch of the dungeon, and saw 5 of its levels.
You also visited: Sewer.

You collected 210 gold pieces.

Inventory:

Missiles
 c - 2 tomahawks
 i - 3 throwing nets (quivered)
 y - 3 silver tomahawks
Armour
 b - a +0 shield (worn)
 o - a +0 cloak (worn)
 A - a +0 chain mail (worn)
Scrolls
 a - a scroll of enchant weapon {unknown}
 f - 2 scrolls of noise {unknown}
 g - 3 scrolls of remove curse {unknown}
 j - 2 scrolls of amnesia {unknown}
 k - 2 scrolls of recharging {unknown}
 m - 3 scrolls of identify
 r - 2 scrolls of magic mapping {unknown}
 v - a scroll of enchant armour {unknown}
 z - 2 scrolls of immolation {unknown}
 E - a scroll of teleportation {unknown}
Potions
 e - 7 potions of curing
 n - 2 potions of lignification {unknown}
 p - a potion of agility {unknown}
 q - a potion of berserk rage {unknown}
 s - 2 potions of resistance
 u - a potion of mutation {unknown}
 x - a potion of flight
 B - 2 potions of heal wounds {unknown}
 C - a potion of cure mutation {unknown}
 D - a potion of invisibility {unknown}
Comestibles
 d - 5 bread rations
 h - 2 royal jellies
 l - 6 slices of pizza
 t - 2 meat rations
 w - 6 fruits
 F - 3 chunks of flesh


   Skills:
 - Level 3.0 Fighting
 - Level 2.6 Armour
 - Level 2.6 Shields
 + Level 8.7 Unarmed Combat


You had 7 spell levels left.
You didn't know any spells.

Dungeon Overview and Level Annotations

Branches:
Dungeon (5/15)
 Temple: D:4-7

Altars:
Elyvilon
Okawaru
Pakellas
Ru
Trog
Yredelemnul
Zin


Innate Abilities, Weirdness & Mutations

You have large cloven feet.
You are partially covered in rugged brown scales (AC +1, +3% HP).
Your flesh is cold resistant.
You are partially covered in sharp spines.


Message History

The hound is almost dead.
The hound barely misses you. The hound bites you but does no damage.
Your chain mail prevents you from hitting the hound.
You kick the hound, but do no damage.
The hound is severely wounded.
The hound bites you but does no damage.
You punch the hound!
You kill the hound!
Okawaru accepts your kill.
You have reached level 8!
You feel clever.
Your demonic ancestry asserts itself...
Sharp spines emerge from parts of your body.
You see here a hound corpse.
You butcher the hound corpse.
F - 3 chunks of flesh Drink which item? (? for menu, Esc to quit)
Okay, then.
Quiver which item? (- for none, * to show all) (? for menu, Esc to quit)
Okay, then.
Are you sure you want to abandon this character and quit the game? (Confirm with "yes".)

..# ..##
......... ...##
#........ ....###
#........
......##
#.......#
...##..###
#......
....##...##
#....# ....
###..### #...#
##..#
##...####@.# ####
##...##..####
###........#
##......<...
#............
......#........
........#######..
.......?# ##
..#####.#


There were no monsters in sight!

Vanquished Creatures
  The ghost of blami the Chiller, an amateur DrIE (D:4)
  3 ogres
  A big kobold (Sewer)
  A scorpion (D:5)
  2 howler monkeys (D:5)
  A hound (D:5)
  3 orc wizards
  A worker ant (D:4)
  A worker ant zombie (D:5)
  4 gnolls (D:3)
  3 adders
  3 river rats (D:5)
  An ooze (D:3)
  An adder skeleton (D:4)
  4 worms
  2 dart slugs
  3 giant geckos
  10 orcs
  3 ball pythons
  4 giant cockroaches
  8 goblins
  8 hobgoblins
  4 jackals
  8 kobolds
  7 quokkas
  8 bats
  A giant gecko zombie (D:5)
  4 giant newts
  20 rats
120 creatures vanquished.

Notes
Turn   | Place    | Note
--------------------------------------------------------------
     0 | D:1      | Moloch the Demonspawn Fighter began the quest for the Orb.
     0 | D:1      | Reached XP level 1. HP: 18/18 MP: 1/1
    73 | D:1      | Reached skill level 2 in Unarmed Combat
   226 | D:1      | Gained mutation: Your flesh is cold resistant. [demonic ancestry]
   226 | D:1      | Reached XP level 2. HP: 24/24 MP: 2/2
   514 | D:1      | Reached skill level 3 in Unarmed Combat
   884 | D:2      | Gained mutation: You are partially covered in rugged brown scales (AC +1, +3% HP). [demonic ancestry]
   884 | D:2      | Reached XP level 3. HP: 22/29 MP: 3/3
  1095 | D:2      | Found a bloodstained altar of Trog.
  1142 | D:2      | Found an oddly glowing altar of Pakellas.
  1277 | D:2      | Found an iron altar of Okawaru.
  1283 | D:2      | Became a worshipper of Warmaster Okawaru
  1314 | D:2      | Found a basalt altar of Yredelemnul.
  1637 | D:3      | Gained mutation: You have large cloven feet. [demonic ancestry]
  1637 | D:3      | Reached XP level 4. HP: 14/36 MP: 4/4
  1640 | D:3      | Reached skill level 4 in Unarmed Combat
  1806 | D:3      | Found a glowing silver altar of Zin.
  2476 | D:3      | Reached XP level 5. HP: 42/42 MP: 5/5
  2851 | D:4      | Reached skill level 5 in Unarmed Combat
  3162 | D:4      | Noticed blami's ghost (amateur DrIE)
  3282 | D:4      | Killed blami's ghost
  3282 | D:4      | Reached skill level 6 in Unarmed Combat
  3282 | D:4      | Reached XP level 6. HP: 9/48 MP: 6/6
  3567 | D:4      | Reached * piety under Okawaru
  3859 | D:4      | Reached skill level 7 in Unarmed Combat
  3859 | D:4      | Reached XP level 7. HP: 12/53 MP: 7/7
  4028 | D:4      | Found a sacrificial altar of Ru.
  4105 | D:5      | Entered Level 5 of the Dungeon
  4294 | D:5      | Found a white marble altar of Elyvilon.
  4508 | D:5      | Reached skill level 8 in Unarmed Combat
  4585 | D:5      | Found a glowing drain.
  4621 | Sewer    | Entered a sewer
  4740 | Sewer    | Found a white marble altar of Elyvilon.
  5129 | D:5      | Reached ** piety under Okawaru
  5129 | D:5      | Gained mutation: You are partially covered in sharp spines. [demonic ancestry]
  5129 | D:5      | Reached XP level 8. HP: 53/59 MP: 8/8
  5133 | D:5      | Quit the game

Skill      XL: |  1  2  3  4  5  6  7 |
---------------+----------------------+-----
Unarmed Combat | 2 3 4 6 7 8 |  8.7
Fighting       | |  3.0
Armour         | |  2.6
Shields        | |  2.6

Action                   |  1- 3 |  4- 6 |  7- 9 || total
-------------------------+-------+-------+-------++-------
Melee: Unarmed           |   212 |   233 |   125 ||   570
       Kick              |       |    54 |    27 ||    81
Throw: Throwing net      |       |     1 |       ||     1
  Use: Potion            |     1 |       |     1 ||     2
       Scroll            |       |       |     3 ||     3
 Stab: Held in net/web   |       |     1 |       ||     1
  Eat: Chunk             |     3 |     7 |     3 ||    13
Armor: Scale mail        |    97 |    72 |     6 ||   175
       Chain mail        |       |       |    47 ||    47
Dodge: Dodged            |    50 |    38 |    18 ||   106
Block: Shield            |    86 |    72 |    48 ||   206
